Map: Submarine LE

Players

RiSky

  • Race: Zerg Zerg
  • League: Master
  • Spawn Location: 11:00

Serral - Winner!

  • Race: Zerg Zerg
  • League: Grandmaster
  • Spawn Location: 5:00

Event: DreamHack SC2 Masters 2020 Summer Season Finals

VOD

Have the link to the VOD?

Description

Time

  • Played on: July 16, 2020, 9:29 a.m.
  • Length: 5:32

All games in this series

Show
View Real Time Build Order
Export as new Build Order

RiSky Zerg 

Build Orders: 3 Hatch before Pool 

Get SALT Encoding   

  12  0:00  Drone  
  13  0:12  Overlord  
  13  0:16  Drone  
  14  0:30  Drone x2  
  16  0:49  Hatchery  
  15  0:51  Drone  
  15  0:55  Drone  
  17  1:14  Hatchery  
  17  1:18  Drone  
  17  1:22  Extractor  
  17  1:23  Drone  
  17  1:26  Drone  
  18  1:40  Spawning Pool  
  18  1:44  Drone  
  18  1:46  Drone  
  18  2:27  Zergling x14  
  25  2:33  Queen  
  25  3:01  Drone x3  
  28  3:16  Metabolic Boost  
  28  3:19  Overlord  
  28  3:39  Hatchery  
  28  3:40  Drone  
  27  3:43  Drone  
  27  3:47  Drone  
  29  3:50  Drone  
  29  3:54  Drone  
  31  3:58  Drone  
  31  4:01  Drone  
  33  4:04  Drone  
  33  4:05  Drone  
  33  4:08  Drone  
  36  4:13  Evolution Chamber  
  36  4:15  Drone  
  36  4:17  Baneling Nest  
  36  4:22  Overlord  
  35  4:33  Overlord  
  35  4:39  Queen  
  35  4:40  Zergling x6  
  40  4:46  Drone x2  
  40  4:51  Zergling x4  
  44  4:56  Zergling x6  
  48  5:00  Zergling x4  
  48  5:03  Baneling x2  
  48  5:05  Zergling x2  
  48  5:06  Baneling  
  48  5:07  Baneling  
  50  5:10  Zergling x2  
  50  5:11  Zergling x2  
Show
View Real Time Build Order
Export as new Build Order

Serral Zerg - Winner!

Build Orders: Pool First 

Get SALT Encoding   

  12  0:16  Spawning Pool  
  11  0:21  Drone  
  11  0:26  Drone  
  13  0:30  Drone  
  14  0:39  Overlord  
  14  1:03  Zergling x4  
  16  1:05  Zergling x2  
  17  1:15  Zergling x2  
  17  1:17  Hatchery  
  17  1:26  Zergling x2  
  17  1:32  Queen  
  18  1:38  Drone  
  21  1:48  Overlord  
  21  1:59  Zergling x2  
  22  2:08  Queen  
  22  2:12  Drone  
  25  2:22  Drone  
  26  2:29  Drone  
  27  2:31  Drone, Queen  
  27  2:33  Extractor  
  29  2:40  Drone  
  29  2:42  Drone  
  29  2:43  Drone  
  32  2:44  Drone  
  32  2:45  Drone  
  33  2:53  Overlord  
  33  2:54  Drone  
  34  3:03  Overlord  
  34  3:04  Drone  
  35  3:12  Drone  
  36  3:15  Drone  
  37  3:20  Drone x2  
  37  3:24  Drone x2  
  41  3:28  Evolution Chamber  
  41  3:29  Drone  
  41  3:36  Drone  
  41  3:39  Metabolic Boost  
  42  3:47  Drone x3  
  42  3:48  Drone  
  46  3:52  Drone, Overlord  
  47  3:57  Baneling Nest  
  47  4:02  Zergling x6  
  48  4:05  Zergling x2  
  50  4:17  Drone  
  50  4:21  Zergling x8  
  50  4:22  Hatchery  
  53  4:25  Overlord  
  53  4:28  Zergling x4  
  53  4:29  Zergling x2  
  56  4:38  Drone  
  57  4:40  Overlord  
  57  4:41  Baneling  
  57  4:46  Roach Warren  
  57  4:48  Zergling x4  
  58  4:58  Zergling x12  
  64  5:04  Baneling x2  
  65  5:07  Drone  
  65  5:12  Drone x4  
  69  5:17  Drone x3  
  69  5:20  Drone  
Tags
 
Add a new tag
Caveats
  • Supply blocks, unpowered buildings, or Contaminate may cause inaccurate times.
  • Supply counts are checked every 10 seconds.